 Dungeon Crawl Stone Soup version 0.30-a0-776-g08fbeb92c1 (webtiles) character file.

Game seed: 6889885817439299912

696439 DEFE the Slayer (level 27, -23/256 HPs)
             Began as a Demonspawn Wanderer on Feb 13, 2023.
             Was an Initiate of Gozag.
             Killed from afar by a hellion (31 damage)
             ... with damnation
             ... summoned by Cerebov
             ... in Pandemonium.
             The game lasted 01:46:23 (74643 turns).

DEFE the Slayer (Demonspawn Wanderer)              Turns: 74643, Time: 01:46:24

Health: -23/256    AC: 47    Str: 22    XL:     27
Magic:  24/24      EV: 13    Int: 17    God:    Gozag
Gold:   4022       SH: 21    Dex: 14    Spells: 27/28 levels left

rFire   + + .      SeeInvis .      - Unarmed
rCold   + + .      Faith    .    j - +5 Storm Queen's Shield {shock, Fly rElec}
rNeg    + + +      Spirit   .    P - +12 gold dragon scales
rPois   +          Reflect  .    L - -2 hat of the Alchemist {rElec rPois rF+ rC+ rN+ Will+ rMut rCorr}
rElec   +          Harm     .    k - +4 dragonskin cloak
rCorr   +          Rampage  .    (gloves unavailable)
rMut    +                        b - +2 pair of boots {Fly}
Will    +++..                    T - amulet of regeneration Stlth
                                 Z - ring "Enuluf" {+Blink rN+ EV+5 Slay+3}
HPRegen 3.42/turn                u - ring "Unix" {Drain rF+ rN+ rCorr Slay+4}
MPRegen 0.19/turn

@: about to teleport, fire vulnerable, gold aura, flying, studying Long Blades
A: claws 3, rugged brown scales 3, powered by death 3, powered by pain 3,
corrupting presence 2, word of chaos
}: 4/15 runes: serpentine, barnacled, silver, demonic
a: Word of Chaos, Renounce Religion, Evoke Blink, Potion Petition, Call
Merchant, Bribe Branch


You were in Pandemonium.
You worshipped Gozag.
Gozag was most pleased with you.
You visited 11 branches of the dungeon, and saw 51 of its levels.
You visited Pandemonium 1 time, and saw 6 of its levels.
You visited the Abyss 1 time.
You visited 1 ziggurat, and saw 10 of its levels.
You also visited: Sewer, Ossuary, Ice Cave and Desolation.

You collected 34802 gold pieces.
You spent 10635 gold pieces at shops.
You paid 20145 gold pieces to Gozag.

Inventory:

Missiles
 h - 8 throwing nets
 O - 11 curare-tipped darts
Armour
 b - a +2 pair of boots of flying (worn)
 j - the +5 Storm Queen's Shield (worn) {shock, Fly rElec}
   (You bought it in a shop on level 3 of the Shoals)

   Shock:     When it blocks an attack, it may electrocute the attacker.
   This works even against foes who are a short distance away.
   rElec:     It insulates you from electricity.
   Fly:       It grants you flight.
 k - the +4 dragonskin cloak (worn)
   (You took it off Tiamat on level 2 of the Realm of Zot)

   Avatar's Aegis: It grants the wearer a chance to resist fire, cold, poison,
   electricity, acid, and negative energy.
 m - the +5 helmet of Veilet {rF+}
   (You found it on level 6 of the Dungeon)

   rF:        It protects you from fire.
 p - a +4 tower shield of cold resistance
 L - the -2 hat of the Alchemist (worn) {rElec rPois rF+ rC+ rN+ Will+ rMut rCorr}
   (You bought it in a shop on level 2 of the Elven Halls)

   rF:        It protects you from fire.
   rC:        It protects you from cold.
   rElec:     It insulates you from electricity.
   rPois:     It protects you from poison.
   rN:        It protects you from negative energy.
   rCorr:     It protects you from acid and corrosion.
   rMut:      It protects you from mutation.
   Will:      It increases your willpower.
 P - +12 gold dragon scales (worn)
Jewellery
 u - the ring "Unix" (right claw) {Drain rF+ rN+ rCorr Slay+4}
   (You found it on level 4 of the Realm of Zot)

   [ring of positive energy]

   Slay:      It affects your accuracy & damage with ranged weapons and melee
   (+4).
   rF:        It protects you from fire.
   rN:        It protects you from negative energy.
   rCorr:     It protects you from acid and corrosion.
   Drain:     It drains your maximum health when unequipped.
 I - the ring "Yczarcho" {rF++ Will+ MP+9 Int-2 SInv}
   (You found it on level 3 of a ziggurat)

   [ring of magical power]

   Int:       It affects your intelligence (-2).
   rF:        It greatly protects you from fire.
   MP:        It affects your magic capacity (+9).
   SInv:      It lets you see invisible.
   Will:      It increases your willpower.
 T - an amulet of regeneration (around neck)
 Z - the ring "Enuluf" (left claw) {+Blink rN+ EV+5 Slay+3}
   (You bought it in a shop on level 3 of the Depths)

   [ring of evasion]

   EV:        It affects your evasion (+5).
   Slay:      It affects your accuracy & damage with ranged weapons and melee
   (+3).
   rN:        It protects you from negative energy.
   +Blink:    It lets you blink.
Wands
 d - a wand of roots (20)
 o - a wand of charming (30)
 z - a wand of digging (19)
 J - a wand of mindburst (30)
 U - a wand of light (15)
Scrolls
 f - a scroll of silence
 l - a scroll of summoning
 n - 22 scrolls of amnesia
 q - 26 scrolls of teleportation
 r - 39 scrolls of identify
 s - 17 scrolls of fog
 y - 6 scrolls of magic mapping
 A - 8 scrolls of blinking
 B - 15 scrolls of vulnerability
 H - 7 scrolls of brand weapon
 K - 13 scrolls of immolation
 Q - 2 scrolls of fear
 R - 15 scrolls of poison
 W - 16 scrolls of noise
Potions
 a - 3 potions of cancellation
 c - 5 potions of invisibility
 e - 9 potions of brilliance
 g - 12 potions of flight
 i - 18 potions of attraction
 t - 12 potions of resistance
 v - 30 potions of curing
 w - 15 potions of lignification
 x - 13 potions of heal wounds
 C - 5 potions of berserk rage
 F - 5 potions of magic
 G - 13 potions of might
 M - 19 potions of mutation
 N - 8 potions of haste
 Y - 5 potions of ambrosia
Miscellaneous
 D - a box of beasts (inert)
 E - a condenser vane
 S - a tin of tremorstones (2/2)
 X - a phial of floods


   Skills:
 + Level 24.8 Fighting
 - Level 1.0(4.4) Short Blades
 - Level 6.9 Long Blades
 + Level 22.5 Armour
 + Level 6.0 Dodging
 - Level 2.6 Stealth
 + Level 23.5 Shields
 - Level 18.0 Unarmed Combat
 - Level 1.0 Spellcasting
 - Level 4.5 Air Magic
 + Level 23.5 Evocations


You had 27 spell levels left.
You knew the following spells:

 Your Spells              Type           Power      Damage    Failure   Level
a - Shock                 Conj/Air       32%        1d5       83%         1

Your spell library contained the following spells:

 Spells                   Type           Power      Damage    Failure   Level
 Swiftness                Air            16%        N/A       88%         3
 Poisonous Vapours        Pois/Air       16%        N/A       93%         2
 Cigotuvi's Dreadful Rot  Necr/Pois/Air  10%        N/A       97%         2
 Beastly Appendage        Tmut           0%         N/A       98%         1
 Foxfire                  Conj/Fire      0%         2x1d4     98%         1
 Freeze                   Ice            0%         1d3       98%         1
 Kiss of Death            Conj/Necr      0%         2d5       98%         1
 Necrotise                Necr           0%         1d4       98%         1
 Sandblast                Erth           0%         2d4       98%         1
 Slow                     Hex            0%         N/A       98%         1
 Sting                    Tmut/Pois      0%         1d3       98%         1
 Blink                    Tloc           0%         N/A       99%         2
 Ensorcelled Hibernation  Hex/Ice        0%         N/A       99%         2
 Lesser Beckoning         Tloc           0%         N/A       99%         2
 Momentum Strike          Conj/Tloc      0%         3d8       99%         2
 Passwall                 Tmut/Erth      0%         N/A       99%         2
 Scorch                   Fire           0%         2d5       99%         2
 Sublimation of Blood     Necr           0%         N/A       99%         2
 Wereblood                Tmut           0%         N/A       99%         2
 Kindle Blastsparks       Fire/Tloc/Air  10%        2d10      99%         3
 Mephitic Cloud           Conj/Pois/Air  5%         N/A       99%         3
 Airstrike                Air            8%         2d(2-18)  99%         4
 Call Canine Familiar     Summ           0%         N/A       100%        3
 Confusing Touch          Hex            0%         N/A       100%        3
 Dazzling Flash           Conj/Hex       0%         N/A       100%        3
 Frozen Ramparts          Ice            0%         1d1       100%        3
 Gell's Gravitas          Tloc           0%         N/A       100%        3
 Hailstorm                Conj/Ice       0%         3d3       100%        3
 Inner Flame              Hex/Fire       0%         N/A       100%        3
 Ozocubu's Armour         Ice            0%         N/A       100%        3
 Portal Projectile        Hex/Tloc       0%         N/A       100%        3
 Spider Form              Tmut/Pois      0%         N/A       100%        3
 Stone Arrow              Conj/Erth      0%         3d7       100%        3
 Teleport Other           Tloc           0%         N/A       100%        3
 Vampiric Draining        Necr           0%         2d6       100%        3
 Dispel Undead            Necr           0%         3d6       100%        4
 Flame Wave               Conj/Fire      0%         2d4       100%        4
 Fulminant Prism          Conj/Hex       0%         3d5       100%        4
 Ice Form                 Ice/Tmut       0%         N/A       100%        4
 Iskenderun's Mystic Bla  Conj/Tloc      0%         2d3       100%        4
 Leda's Liquefaction      Hex/Erth       0%         N/A       100%        4
 Manifold Assault         Tloc           0%         N/A       100%        4
 Olgreb's Toxic Radiance  Pois           0%         N/A       100%        4
 Petrify                  Tmut/Erth      0%         N/A       100%        4
 Sticky Flame             Conj/Fire      0%         2d3       100%        4
 Summon Ice Beast         Ice/Summ       0%         N/A       100%        4
 Summon Lightning Spire   Summ/Air       8%         N/A       100%        4
 Agony                    Necr           0%         N/A       100%        5
 Arcjolt                  Conj/Air       4%         1d14      100%        5
 Blade Hands              Tmut           0%         N/A       100%        5
 Borgnjor's Vile Clutch   Necr/Erth      0%         N/A       100%        5
 Fireball                 Conj/Fire      0%         3d3       100%        5
 Freezing Cloud           Conj/Ice/Air   2%         6-21      100%        5
 Irradiate                Conj/Tmut      0%         3d11      100%        5
 Iskenderun's Battlesphe  Conj           0%         2d6       100%        5
 Lee's Rapid Deconstruct  Erth           0%         3d4*      100%        5
 Metabolic Englaciation   Hex/Ice        0%         N/A       100%        5
 Silence                  Hex/Air        4%         N/A       100%        5
 Conjure Ball Lightning   Conj/Air       4%         3x3d6     100%        6
 Dispersal                Tloc           0%         N/A       100%        6
 Iron Shot                Conj/Erth      0%         9d1       100%        6
 Starburst                Conj/Fire      0%         6d3       100%        6
 Statue Form              Tmut/Erth      0%         N/A       100%        6
 Summon Cactus Giant      Summ           0%         N/A       100%        6
 Haunt                    Necr/Summ      0%         N/A       100%        7
 Ozocubu's Refrigeration  Ice            0%         4d7       100%        7
 Spellforged Servitor     Conj/Summ      0%         N/A       100%        7
 Storm Form               Tmut/Air       4%         N/A       100%        7
 Summon Hydra             Summ           0%         N/A       100%        7
 Borgnjor's Revivificati  Necr           0%         N/A       100%        8
 Discord                  Hex            0%         N/A       100%        8
 Disjunction              Tloc           0%         N/A       100%        8
 Infestation              Necr           0%         N/A       100%        8
 Maxwell's Capacitive Co  Air            8%         ∞         100%        8
 Chain Lightning          Conj/Air       4%         3d5       100%        9
 Death's Door             Necr           0%         N/A       100%        9
 Fire Storm               Conj/Fire      0%         5d1       100%        9
 Polar Vortex             Ice            0%         N/A       100%        9
 Shatter                  Erth           0%         3d5*      100%        9
 Simulacrum               Ice/Necr       Unusable   N/A       N/A         6

Dungeon Overview and Level Annotations

Branches:
Dungeon (15/15)            Temple (0/1) D:6            Lair (5/5) D:11
 Shoals (4/4) Lair:2        Snake (4/4) Lair:2        Slime (0/5) Lair:4
    Orc (2/2) D:11            Elf (3/3) Orc:2        Vaults (5/5) D:14
  Crypt (3/3) Vaults:2       Tomb (0/3) Crypt:3      Depths (4/4) D:15
   Hell (visited)             Dis (0/7) Hell            Geh (0/7) Hell
    Coc (0/7) Hell            Tar (0/7) Hell            Zot (5/5) Depths:4
  Sewer (visited)         Ossuary (visited)           IceCv (visited)
Desolation (visited)

Altars:
Cheibriados
Fedhas
Gozag
Hepliaklqana
Kikubaaqudgha
Okawaru
Qazlal
Ru
Trog
Uskayaw
Vehumet
Wu Jian
Xom
Yredelemnul
Lugonu

Shops:
D:4 ?   D:7 (   D:11 (   Orc:1 *[=[   Orc:2 ([*=   Elf:2 [=*[(=   Elf:3 (!([
Shoals:2 ?   Shoals:3 [[[[   Snake:2 =   Snake:3 [   Snake:4 [   Depths:1 ::[(
Depths:3 =[?[[=[   Depths:4 [

Portals:
Hell: Depths:1 Depths:2 Depths:3 Depths:4
Abyss: Depths:1 Depths:2 Depths:3
Pandemonium: Depths:2

Annotations:
D:3 Sigmund
Shoals:1 1 runed translucent door
Shoals:2 2 transporters, exclusion: orange crystal statue
Snake:3 3 runed translucent doors, kuniqs's ghost, adept MeGl
Zot:1 2 transporters
Zot:3 4 transporters
Zot:5 1 exclusion
Pan Cerebov


Innate Abilities, Weirdness & Mutations

You have claws for hands.
You are completely covered in rugged brown scales. (AC +3, +7% HP)
You regenerate a lot of health from kills.
You are powered by pain.
Your presence sometimes corrodes or deforms those you injure.
You can speak a Word of Chaos.


Message History

You feel strangely unstable. Cerebov barely misses you.
The Brimstone Fiend calls on the powers of darkness!
Your body is wracked with pain!
* * * LOW HITPOINT WARNING * * *
Your elder oxfire beast convulses!
You block the orange demon's attack.
Your shield discharges, shocking the orange demon!
The hellion hits you but does no damage.
Your elder oxfire beast hits Cerebov but does no damage.
Your elder oxfire beast tramples Cerebov!
Cerebov holds their ground!
You take 20 damage, and have 49/256 hp.
You eviscerate Cerebov!!! You block Cerebov's attack.
The hellion gestures at you.
The sphere of damnation explodes!
The damnation engulfs you!!!
* * * LOW HITPOINT WARNING * * *
The damnation engulfs your elder oxfire beast!!
Your elder oxfire beast dies!
Your elder oxfire beast's corpse disappears in a puff of smoke!
The damnation engulfs Cerebov.
Cerebov completely resists.
The damnation engulfs the hellion.
The hellion completely resists.
The orange demon stings you from afar.
* * * LOW HITPOINT WARNING * * *
The Brimstone Fiend calls on the powers of darkness!
Your body is wracked with pain!
* * * LOW HITPOINT WARNING * * *
Cerebov is distracted by your dazzling golden aura.
Cerebov shouts, "I will feast on thy throat!"
You hear a bellow!
You hear a shout!
Unknown command.
You take 43 damage, and have 6/256 hp.
Unknown command.
Unknown command.
You mangle Cerebov!!
Cerebov is no longer distracted by gold.
The hellion gestures at you.
The sphere of damnation explodes!
The damnation engulfs you!!
You die...
Your body crumbles into a pile of gold.

#..##..).####.#####
###....##)#.........
###......##.#)........
........$....).........
###.......)..$$........
#?.......$......[...$
#............4.......
#.....$.............).
$
.......#####..@§...###
##..... ###&21###$$$
#..... $ #13'# $ $
#..... #...# $$$ #.....
...... #..... .1.....
.........# ..≈≈≈§...#
.§§§≈≈≈....


You could see Cerebov (fast, misshapen, corroded), 3 Brimstone Fiends, a sun
demon, an orange demon and a hellion (summoned).

Vanquished Creatures
  3 ancient liches
  Tiamat (Zot:2)
  7 dread liches
  2 juggernauts
  Mennas (Vaults:5)
  5 pandemonium lords
  The ghost of Adaxemni the Impregnable, a legendary GrFi of Qazlal (Zot:4)
  Sojobo (Vaults:5)
  The ghost of Donuwkat the Demonic Porcupine, a veteran DsBe of Trog (Zot:4)
  Bai Suzhen (Crypt:3)
  A Killer Klown (Zig:10)
  A curse toe (Zot:2)
  Geryon (Hell)
  16 golden dragons
  4 bone dragons
  6 Brimstone Fiends (Pan)
  A profane servitor (Crypt:2)
  3 electric golems
  5 Tzitzimimeh (Pan)
  3 Hell Sentinels (Pan)
  A walking crystal tome (Depths:3)
  2 hellephants
  20 tentacled monstrosities
  5 liches
  2 Ice Fiends
  A shard shrike skeleton (Crypt:2)
  3 Orb Guardians (Zot:5)
  A quicksilver dragon (shapeshifter) (Zig:10)
  4 Executioners (Pan)
  A walking earthen tome (Depths:4)
  2 deep elf blademasters (Elf:3)
  5 titans
  2 deep elf master archers (Elf:3)
  9 quicksilver dragons
  3 sphinxes
  9 ancient champions
  8 death cobs
  Polyphemus (Shoals:2)
  A kraken (Shoals:1)
  Agnes (Elf:2)
  4 shadow dragons
  20 storm dragons
  2 revenants
  2 storm dragons (shapeshifter)
  12 tengu reavers
  A nargun (Zig:4)
  The ghost of Kis the Blocker, a journeyman TrFi of Okawaru (Shoals:3)
  4 nagarajas
  5 draconian knights
  4 demonspawn warmongers (Pan)
  14 fire giants
  4 iron dragons
  7 frost giants
  7 draconian monks
  7 deep elf sorcerers (Elf:3)
  14 balrugs
  3 spectral caustic shrikes (Depths:3)
  8 ghost moths
  2 imperial myrmidons (Desolation)
  10 draconian scorchers
  2 draconian stormcallers
  15 vault wardens
  7 draconian shifters
  An angel (Pan)
  7 deep elf elementalists (Elf:3)
  7 ghouls (Crypt:1)
  A shard shrike simulacrum (Hell)
  5 cacodemons
  8 spriggan defenders
  3 caustic shrike skeletons
  5 demonspawn blood saints (Pan)
  3 demonspawn corrupters (Pan)
  3 orc warlords
  5 war gargoyles
  A broodmother (shapeshifter) (Depths:1)
  6 draconian annihilators
  10 reapers
  16 very ugly things
  15 ironbound preservers
  4 ironbound thunderhulks
  21 stone giants
  6 demonspawn black suns (Pan)
  4 lorocyprocas
  7 deep elf annihilators
  11 green draconians
  A deep elf demonologist (Elf:3)
  12 dire elephants
  9 vampire knights
  Azrael (Elf:2)
  2 halazid warlocks (Desolation)
  2 wendigos
  13 yellow draconians
  8 black draconians
  9 crystal guardians
  12 red draconians
  6 white draconians
  12 purple draconians
  8 spark wasps
  2 iron golems (Hell)
  12 ettins
  7 blizzard demons
  2 pearl dragon zombies (Crypt:2)
  2 kraken zombies (Hell)
  A mummy priest (Hell)
  10 eidola
  A quicksilver dragon zombie (Crypt:1)
  2 entropy weavers
  14 deep elf death magi
  6 green deaths (Pan)
  4 merfolk javelineers
  2 quicksilver dragon skeletons (Crypt:3)
  3 jiangshi (Crypt:2)
  4 deep elf high priests
  12 yaktaur captains
  7 great orbs of eyes
  3 fire dragons (Depths:1)
  3 hydras
  10 merfolk impalers
  10 salamander tyrants
  4 servants of whispers (Desolation)
  Josephine (Lair:4)
  5 ragged hierophants (Desolation)
  11 ice dragons
  33 vault guards
  3 caustic shrike simulacra (IceCv)
  3 ogre magi
  Erolcha (Orc:1)
  3 hell beasts
  An Orb Guardian zombie (Crypt:1)
  8 two-headed ogres
  8 peacekeepers
  2 spriggan skeletons (Crypt:3)
  A rakshasa (Depths:1)
  2 alligator snapping turtles (Shoals:3)
  19 anacondas
  8 spriggan air magi
  4 boulder beetles
  7 ironbound frosthearts
  8 satyrs
  11 centaur warriors
  5 catoblepae
  7 merfolk aquamancers
  2 merfolk avatars
  4 death knights
  Erica (D:8)
  35 dancing weapons
  11 naga warriors
  8 deep troll shamans
  A fenstrider witch skeleton (Crypt:2)
  3 radroaches
  4 tengu warriors
  8 hell hogs
  2 vampire magi
  13 shock serpents
  7 deep troll earth magi
  Urug (D:12)
  9 death yaks
  6 spriggan berserkers
  18 deep elf knights
  An orc high priest (Orc:2)
  10 naga sharpshooters
  33 soul eaters
  4 hell knights (Hell)
  48 sun demons
  4 shadow wraiths
  44 skeletal warriors
  A wretched star (Abyss:2)
  9 iron trolls
  15 salamander mystics
  2 titan skeletons
  A golden dragon zombie (Hell)
  6 sixfirhies
  A ghost moth zombie (Crypt:3)
  A spark wasp zombie (Hell)
  A death drake (shapeshifter) (Vaults:3)
  11 sea snakes
  A deep troll (shapeshifter) (Depths:3)
  A sea snake (shapeshifter) (Zig:10)
  4 shadow demons (Pan)
  3 skysharks
  An anaconda zombie (Hell)
  8 flayed ghosts
  14 phantasmal warriors
  3 tengu zombies
  2 orb spiders
  5 naga ritualists
  7 orange crystal statues
  3 bunyip skeletons (Crypt:3)
  A shadow dragon zombie (Hell)
  50 deep trolls
  12 orc knights
  2 glowing orange brains
  9 necromancers
  9 lindwurms
  11 deep elf archers
  30 deep elf pyromancers
  28 deep elf zephyrmancers
  An anaconda skeleton (Crypt:3)
  A goliath frog zombie (Crypt:1)
  5 frost giant zombies
  14 ironbound convokers
  22 harpies
  31 mana vipers
  2 wizards
  An iron dragon zombie (Hell)
  5 orc sorcerers
  A wolf spider (Zig:7)
  A faun (shapeshifter) (Vaults:5)
  33 ugly things
  31 salamanders
  4 cyclopes
  13 manticores
  A will-o-the-wisp (Abyss:2)
  2 stone giant zombies
  A centaur zombie (Crypt:1)
  19 fauns
  An iron dragon skeleton (Crypt:3)
  3 fire giant zombies
  A jorogumo skeleton (Crypt:2)
  A water nymph (shapeshifter) (Vaults:5)
  4 elephants (Lair:5)
  4 apis skeletons (Crypt:2)
  A dire elephant zombie (Crypt:1)
  An ice statue (Snake:4)
  9 rust devils
  28 moths of wrath
  30 slime creatures
  10 naga magi
  A moth of wrath (shapeshifter) (Zig:10)
  35 black mambas
  6 merfolk sirens
  2 stone giant skeletons
  12 guardian serpents
  13 demonic crawlers
  7 water nymphs
  12 smoke demons
  An apocalypse crab (Zig:10)
  11 vault sentinels
  7 cane toads
  A torpor snail (Lair:4)
  4 naga skeletons
  6 orange demons (Pan)
  7 hellions (Pan)
  A black draconian zombie (Crypt:2)
  An orc skeleton (Crypt:3)
  A rime drake (Lair:1)
  10 komodo dragons
  An unseen horror (shapeshifter) (Elf:3)
  2 kobold demonologists (D:11)
  9 freezing wraiths
  3 efreet (Pan)
  2 sea snake zombies (Hell)
  24 yaktaurs
  2 mana viper zombies (Crypt:3)
  4 golden dragon simulacra
  4 tengu conjurers
  A death yak skeleton (Crypt:3)
  A sea snake skeleton (Crypt:1)
  3 hellwings
  A meliai (shapeshifter) (Depths:1)
  4 polar bears
  An ancient zyme (Abyss:2)
  3 hydra zombies (Hell)
  8 ice devils
  5 red devils
  A tarantella (Vaults:3)
  6 trolls
  7 meliai
  3 wind drakes
  40 merfolk
  38 saltlings (Desolation)
  A hydra skeleton (Hell)
  6 hornets
  A harpy skeleton (Crypt:3)
  A harpy zombie (Crypt:1)
  2 raiju (Zig:9)
  3 dream sheep
  19 blink frogs
  An iron dragon simulacrum (Depths:2)
  A human simulacrum (Vaults:4)
  9 snapping turtles
  A dream sheep (shapeshifter) (Elf:1)
  A spriggan zombie (Hell)
  14 large abominations
  An alligator zombie (Hell)
  4 air elementals
  5 spriggans
  4 ynoxinuls (Pan)
  24 flying skulls
  A fire dragon skeleton (Hell)
  4 fire elementals
  2 dire elephant simulacra (IceCv)
  11 wraiths
  A hog (shapeshifter) (Elf:2)
  30 water elementals
  5 wyverns
  Eustachio (D:6)
  40 yaks
  A wind drake skeleton (Crypt:1)
  10 neqoxecs (Pan)
  3 redbacks
  2 basilisks (Lair:5)
  12 chaos spawn
  4 vampire mosquitoes
  40 nagas
  5 wargs
  A harpy simulacrum (IceCv)
  3 hydra simulacra
  A two-headed ogre skeleton (Crypt:3)
  5 hell hounds
  6 water moccasins
  2 deep troll skeletons (Crypt:1)
  33 orc warriors
  2 black bears
  Pargi (Sewer)
  A cane toad skeleton (Crypt:1)
  3 alligator simulacra (IceCv)
  A swamp dragon zombie (Crypt:2)
  5 ice beasts
  13 ogres
  6 wolves
  A lindwurm skeleton (Crypt:3)
  7 centaurs
  A phantom (D:6)
  A hog skeleton (Crypt:3)
  6 kobold brigands
  17 bullfrogs
  3 scorpions
  2 elf skeletons
  A necrophage (D:6)
  8 earth elementals
  An ogre simulacrum (Vaults:4)
  3 water moccasin zombies (Ossuary)
  A human skeleton (Vaults:4)
  9 wights
  2 small abominations (Abyss:2)
  3 lindwurm simulacra (IceCv)
  6 jellies
  20 killer bees
  A shapeshifter skeleton (Crypt:2)
  7 howler monkeys
  6 electric eels
  4 crimson imps (Pan)
  2 hounds
  2 quasits
  An iron imp (Abyss:2)
  3 centaur skeletons
  11 orc priests
  2 gnoll boudas
  Jessica (D:3)
  10 hell rats (Hell)
  6 iguanas
  16 orc wizards
  2 mummies (Ossuary)
  A hound skeleton (Crypt:2)
  13 gnolls
  5 adders
  5 white imps
  A howler monkey simulacrum (D:9)
  6 ufetubi
  7 adder zombies (Ossuary)
  A worm (D:4)
  A dart slug (D:4)
  64 orcs
  4 bats
  2 endoplasms
  2 giant cockroaches (D:3)
  2 gnoll zombies (Ossuary)
  7 goblins
  8 hobgoblins
  6 jackals (D:1)
  17 kobolds
  A quokka (D:4)
  6 ball pythons
  9 frilled lizards
  A gnoll skeleton (Crypt:2)
  2 goblin zombies (D:7)
  2 hobgoblin zombies (Ossuary)
  A jackal skeleton (Crypt:1)
  6 kobold zombies (Ossuary)
  6 orc zombies (Ossuary)
  5 rats
  A fire vortex (Hell)
  2 starspawn tentacles (Pan)
  5 tentacles
2655 creatures vanquished.

Vanquished Creatures (collateral kills)
  2 draconian knights
  An emperor scorpion (Zig:6)
  2 balrugs (Pan)
  A draconian shifter (Zot:1)
  A draconian annihilator (Zot:2)
  A radroach (Zig:6)
  A sun demon (D:11)
  A red devil (D:11)
  A yak (D:9)
  A bullfrog (D:11)
  An orc priest (D:7)
  A gnoll (D:7)
  A worm (D:5)
  A fire vortex (Pan)
16 creatures vanquished.

Vanquished Creatures (others)
  A pandemonium lord (Pan)
  A caustic shrike (Depths:3)
  A draconian knight (Zot:3)
  A ghost moth (Zot:3)
  A spriggan defender (Depths:3)
  A very ugly thing (Vaults:4)
  A demonspawn blood saint (Pan)
  A vampire knight (Depths:3)
  2 dancing weapons (Elf:2)
  A sun demon (Pan)
  A deep elf knight (Elf:1)
  A soul eater (Pan)
  A deep elf archer (Elf:1)
  2 necromancers (Hell)
  A deep elf pyromancer (Elf:2)
  A harpy zombie (Hell)
  A stone giant simulacrum (Hell)
  A neqoxec (Pan)
  An orc wizard (Orc:1)
  A hell rat (Hell)
  3 creeping infernos (Hell)
  2 demonic plants (D:11)
  4 fire vortices
  2 foxfires (Abyss:2)
  69 fungi
  270 plants
  5 starspawn tentacles (Pan)
  21 tentacles
398 creatures vanquished.

Grand Total: 3069 creatures vanquished

Notes
Turn   | Place    | Note
-------+----------+-------------------------------------------
     0 | D:1      | DEFE the Demonspawn Wanderer began the quest for the Orb.
     0 | D:1      | DEFE set off with the following items: a +0 short sword, a
                  | +0 pair of boots, a scroll of fear, a +0 robe; and the
                  | following spell memorised: Shock; and the following spells
                  | available to memorise: Cigotuvi's Dreadful Rot, Airstrike.
     0 | D:1      | Reached XP level 1. HP: 13/13 MP: 2/2
   150 | D:1      | Reached skill level 1 in Fighting
   286 | D:1      | Gained mutation: You have sharp fingernails. [demonic
                  | ancestry]
   286 | D:1      | Reached XP level 2. HP: 22/22 MP: 3/3
   538 | D:1      | Found a faded altar of an unknown god.
   552 | D:1      | Reached skill level 1 in Unarmed Combat
   555 | D:1      | Prayed at the altar of an unknown god.
   555 | D:1      | Became a worshipper of Gozag Ym Sagoz the Greedy
  1145 | D:2      | Gained mutation: You sometimes gain a little power by
                  | taking damage. [demonic ancestry]
  1145 | D:2      | Reached XP level 3. HP: 26/27 MP: 4/4
  1177 | D:2      | Identified the ring of Ytetipel {Will- MP+9 AC+4 Int+2}
  1711 | D:3      | Noticed Jessica
  1737 | D:3      | Killed Jessica
  1738 | D:3      | Gained mutation: You have very sharp fingernails. [demonic
                  | ancestry]
  1738 | D:3      | Reached XP level 4. HP: 24/33 MP: 5/5
  1980 | D:3      | Noticed Sigmund
  2469 | D:4      | Noticed a black bear
  2488 | D:4      | Killed a black bear
  2489 | D:4      | Gained mutation: You are partially covered in rugged brown
                  | scales. (AC +1, +3% HP) [demonic ancestry]
  2489 | D:4      | Reached XP level 5. HP: 24/39 MP: 6/6
  2595 | D:4      | Reached skill level 5 in Unarmed Combat
  2595 | D:4      | Found a glowing drain.
  2605 | D:4      | Gained mutation: You regenerate a little health from kills.
                  | [demonic ancestry]
  2605 | D:4      | Reached XP level 6. HP: 29/45 MP: 7/7
  2655 | Sewer    | Entered a sewer
  2782 | Sewer    | Noticed Pargi
  2799 | Sewer    | Killed Pargi
  3037 | D:4      | You fall into a shaft and drop 1 floor!
  3037 | D:5      | Entered Level 5 of the Dungeon
  3255 | D:5      | Gained mutation: You sometimes gain power by taking damage.
                  | [demonic ancestry]
  3255 | D:5      | Reached XP level 7. HP: 47/50 MP: 8/8
  3341 | D:4      | Found Tadil's Magic Scroll Shop.
  3345 | D:4      | Bought a scroll of identify for 24 gold pieces
  3345 | D:4      | Bought a scroll of identify for 24 gold pieces
  3345 | D:4      | Bought a scroll of identify for 24 gold pieces
  3345 | D:4      | Bought a scroll of blinking for 90 gold pieces
  3347 | D:4      | Identified a scroll of acquirement
  3588 | D:4      | Acquired a +4 plate armour of poison resistance
  3705 | D:4      | Reached skill level 1 in Armour
  4070 | D:5      | Identified the +1 leather armour "Sussag" {rF- Str+3}
  4759 | D:6      | Found a radiant altar of Vehumet.
  4798 | D:6      | Got the Guide on the Zephyr and Shades
  4927 | D:6      | Gained mutation: You have claws for hands. [demonic
                  | ancestry]
  4927 | D:6      | Reached XP level 8. HP: 56/56 MP: 9/9
  4932 | D:6      | Found a bloodstained altar of Trog.
  5118 | D:6      | Identified the +5 helmet of Veilet {rF+}
  5179 | D:6      | Noticed Eustachio
  5195 | D:6      | Found a staircase to the Ecumenical Temple.
  5199 | D:6      | Killed Eustachio
  5400 | D:7      | Found a sand-covered staircase.
  5428 | D:7      | Reached skill level 5 in Armour
  5471 | Ossuary  | Entered an ossuary
  5750 | D:7      | Reached XP level 9. HP: 51/62 MP: 10/10
  6067 | D:7      | Found Deoxaf's Antique Weapon Shoppe.
  6327 | D:8      | Noticed Erica
  6327 | D:8      | Noticed a two-headed ogre
  6417 | D:8      | Killed a two-headed ogre
  6507 | D:8      | Killed Erica
  6508 | D:8      | Reached skill level 10 in Unarmed Combat
  6818 | D:8      | Found a blossoming altar of Fedhas.
  6818 | D:8      | Found an iron altar of Okawaru.
  6818 | D:8      | Found a hazy altar of Hepliaklqana.
  6820 | D:8      | Found a stormy altar of Qazlal.
  6820 | D:8      | Found a shimmering altar of Xom.
  6820 | D:8      | Found a sacrificial altar of Ru.
  6822 | D:8      | Found a snail-covered altar of Cheibriados.
  6822 | D:8      | Found an opulent altar of Gozag.
  6822 | D:8      | Found a hide-covered altar of Uskayaw.
  7205 | D:8      | Gained mutation: You are mostly covered in rugged brown
                  | scales. (AC +2, +5% HP) [demonic ancestry]
  7205 | D:8      | Reached XP level 10. HP: 62/70 MP: 11/11
  7685 | D:4      | Bought a scroll of acquirement for 624 gold pieces
  7685 | D:4      | Bought a scroll of poison for 48 gold pieces
  7686 | D:4      | Acquired the +1 kite shield of the Old and Reckless {Fly
                  | Will+ Regen+}
  7873 | D:9      | Reached skill level 1 in Shields
  8176 | D:9      | Noticed a two-headed ogre
  8200 | D:9      | Killed a two-headed ogre
  8710 | D:9      | Found an ornate altar of the Wu Jian Council.
  8988 | D:10     | Entered Level 10 of the Dungeon
  9431 | D:10     | Noticed a centaur warrior
  9443 | D:10     | Killed a centaur warrior
  9444 | D:10     | Gained mutation: You regenerate health from kills. [demonic
                  | ancestry]
  9444 | D:10     | Reached XP level 11. HP: 52/75 MP: 12/12
 10163 | D:11     | Found a staircase to the Orcish Mines.
 10165 | D:11     | Noticed an orc knight
 10187 | D:11     | Noticed a two-headed ogre
 10191 | D:11     | Killed an orc knight
 10192 | D:11     | Reached skill level 5 in Shields
 10200 | D:11     | Killed a two-headed ogre
 10207 | D:11     | Found Aniohi's Weapon Emporium.
 10302 | D:11     | Noticed a soul eater
 10304 | D:11     | Noticed a soul eater
 10743 | D:11     | Killed a soul eater
 10744 | D:11     | Reached skill level 2 in Fighting
 10850 | D:11     | Noticed a soul eater
 11004 | D:11     | Reached skill level 3 in Fighting
 11004 | D:11     | Reached skill level 10 in Armour
 11026 | D:11     | Noticed a soul eater
 11052 | D:11     | Killed a soul eater
 11089 | D:11     | Killed a soul eater
 11090 | D:11     | Reached skill level 4 in Fighting
 11295 | D:11     | Found a staircase to the Lair.
 11295 | D:11     | Noticed a two-headed ogre
 11316 | D:11     | Killed a two-headed ogre
 11368 | D:11     | Noticed a sun demon
 11533 | D:11     | Killed a sun demon
 11534 | D:11     | Reached skill level 5 in Fighting
 11534 | D:11     | Gained mutation: You are completely covered in rugged brown
                  | scales. (AC +3, +7% HP) [demonic ancestry]
 11534 | D:11     | Reached XP level 12. HP: 82/92 MP: 13/13
 11592 | D:11     | Noticed a two-headed ogre
 11602 | D:11     | Killed a two-headed ogre
 11898 | Lair:1   | Entered Level 1 of the Lair of Beasts
 11930 | Lair:1   | You fall into a shaft and drop 1 floor!
 11949 | Lair:2   | Reached skill level 1 in Long Blades
 12027 | Lair:2   | Noticed a catoblepas
 12047 | Lair:2   | Killed a catoblepas
 12139 | Lair:2   | Reached skill level 6 in Fighting
 12215 | Lair:2   | Found a staircase to the Snake Pit.
 12765 | Lair:2   | Noticed a boulder beetle
 12812 | Lair:2   | Killed a boulder beetle
 13887 | Lair:4   | Reached skill level 7 in Fighting
 14105 | Lair:4   | Reached XP level 13. HP: 44/102 MP: 14/14
 14519 | Lair:4   | Identified the +1 falchion "Mazonk" {drain, Dex+5 Stlth+}
 14655 | Lair:4   | Found a staircase to the Slime Pits.
 14666 | Lair:4   | Noticed Josephine
 14679 | Lair:4   | Reached skill level 5 in Long Blades
 14684 | Lair:4   | Killed Josephine
 15005 | Lair:4   | Reached skill level 8 in Fighting
 15362 | Lair:5   | Entered Level 5 of the Lair of Beasts
 16514 | Lair:5   | Reached skill level 9 in Fighting
 16950 | Lair:5   | Reached skill level 10 in Shields
 16960 | Lair:5   | Gained mutation: Your presence sometimes corrodes those you
                  | injure. [demonic ancestry]
 16960 | Lair:5   | Reached XP level 14. HP: 112/115 MP: 15/15
 17080 | Lair:5   | Identified the amulet "Ditrifim" {Faith Int+4}
 18138 | D:12     | Noticed Urug
 18145 | D:12     | Killed Urug
 18146 | D:12     | Reached skill level 1 in Evocations
 18527 | D:12     | Noticed Sonja
 18529 | D:12     | Sonja changed into Sonja the wolf
 18529 | D:12     | Noticed Sonja
 18536 | D:12     | Killed Sonja the wolf
 19657 | D:14     | Acquired 1064 gold pieces
 19754 | D:14     | Reached skill level 10 in Fighting
 20040 | D:14     | Found a gate to the Vaults.
 20690 | D:15     | Entered Level 15 of the Dungeon
 21001 | D:15     | Found a staircase to the Depths.
 21121 | D:15     | Reached skill level 5 in Evocations
 21222 | D:15     | Reached skill level 15 in Unarmed Combat
 21864 | Orc:1    | Entered Level 1 of the Orcish Mines
 21864 | Orc:1    | Noticed an orc warlord
 21864 | Orc:1    | Found Puohor's Armour Boutique.
 21921 | Orc:1    | Killed an orc warlord
 21922 | Orc:1    | Reached XP level 15. HP: 120/125 MP: 16/16
 21992 | Orc:1    | Found Duoke's Jewellery Shop.
 22028 | Orc:1    | Found Haig's Antique Armour Shoppe.
 22105 | Orc:1    | Found Cyughiz's General Store.
 22114 | Orc:1    | Noticed Erolcha
 22274 | Orc:1    | Reached skill level 11 in Fighting
 22411 | Orc:1    | Killed Erolcha
 22538 | Orc:2    | Entered Level 2 of the Orcish Mines
 23096 | Orc:2    | Found Hyuwk's General Store.
 23184 | Orc:2    | Bought a potion of heal wounds for 70 gold pieces
 23184 | Orc:2    | Bought a wand of light (3) for 176 gold pieces
 23184 | Orc:2    | Bought a wand of light (5) for 294 gold pieces
 23184 | Orc:2    | Bought a potion of attraction for 42 gold pieces
 23196 | Orc:2    | Found Pisefoomm's Jewellery Shoppe.
 23319 | Orc:2    | Found a staircase to the Elven Halls.
 23444 | Orc:2    | Found Acrurov's Antique Weapon Emporium.
 23597 | Orc:2    | Found Wodezych's Antique Armour Shop.
 23925 | Orc:2    | DEFE: ??bear
 23925 | Orc:2    | beem: bear[1/2]: Stronger than a black bear, weaker than a
                  | grizzly bear, removed in 0.8. Since 0.6, go berserk instead
                  | of fleeing at low HP (or from ?fear)!
 23925 | Orc:2    | DEFE: ??bearp2
 23925 | Orc:2    | beem: I don't have a page labeled bearp2 in my learndb.
 23925 | Orc:2    | DEFE: ??bear[2
 23925 | Orc:2    | beem: bear[2/2]: When they were removed, had 21-35 health
                  | and hit for 10/6/6. Since then, black bears have been
                  | buffed to 23-31 hp, 9/5/5. Who's the real winner here?
 24020 | Shoals:1 | Entered Level 1 of the Shoals
 24258 | Shoals:1 | Found a runed translucent door.
 24358 | Shoals:1 | You are sucked into a shaft and drop 1 floor!
 24358 | Shoals:2 | Found a transporter.
 24397 | Shoals:2 | Identified the +1 scimitar of Qaijutya {drain, rC+ rN++}
 24494 | Shoals:1 | Noticed a kraken
 25012 | Shoals:1 | Killed a kraken
 25161 | Shoals:2 | Found a transporter.
 25161 | Shoals:2 | Found the amulet of the Air {Inacc Air Fly rElec RMsl}
 25167 | Shoals:2 | Noticed Polyphemus
 25178 | Shoals:2 | Reached skill level 12 in Fighting
 25188 | Shoals:2 | Killed Polyphemus
 25954 | Shoals:2 | Found Eqymnorr's Magic Scroll Shop.
 25963 | Shoals:2 | Bought a scroll of identify for 36 gold pieces
 25963 | Shoals:2 | Bought a scroll of identify for 36 gold pieces
 25963 | Shoals:2 | Bought 3 scrolls of amnesia for 216 gold pieces
 25963 | Shoals:2 | Bought a scroll of identify for 36 gold pieces
 26147 | Shoals:3 | Identified the +9 long sword of Nonwuter {heavy, rN+}
 26231 | Shoals:3 | Found a transporter.
 26254 | Shoals:3 | Found a transporter.
 26268 | Shoals:3 | Noticed Kis's ghost (journeyman TrFi)
 26535 | Shoals:3 | Reached XP level 16. HP: 136/136 MP: 17/17
 26725 | Shoals:3 | Bought runed gold dragon scales for 2988 gold pieces
 26750 | Shoals:4 | Entered Level 4 of the Shoals
 27774 | Shoals:4 | Identified the +4 great mace "Nalettap" {flame, *Rage rElec
                  | rC+ Dex+2 Stlth+}
 27997 | Shoals:4 | Got a barnacled rune of Zot
 28033 | Shoals:4 | Identified the +0 ring mail "Hero's Friend" {rPois Str+2
                  | Dex+3}
 28168 | Shoals:4 | Reached skill level 13 in Fighting
 28776 | Shoals:3 | Bought the +5 Storm Queen's Shield {shock, Fly rElec} for
                  | 1596 gold pieces
 28776 | Shoals:3 | Found the +5 Storm Queen's Shield {shock, Fly rElec}
 28817 | Shoals:3 | Killed Kis's ghost
 28899 | Shoals:3 | Identified the ring of the Little Devil {AC+4 Int+4 Dex+4}
 28910 | Shoals:3 | Identified the +2 leather armour "Cicek" {Rampage rC+
                  | Dex+3}
 29011 | Snake:1  | Entered Level 1 of the Snake Pit
 30301 | Snake:2  | Reached XP level 17. HP: 143/146 MP: 8/18
 30549 | Snake:2  | Reached skill level 10 in Evocations
 30663 | Snake:2  | Identified the +8 great sword of Adasyzxy {drain, *Corrode
                  | rElec Dex+3}
 30826 | Snake:2  | Found Repam's One-of-a-Kind Rings.
 31419 | Snake:3  | Found Logohow's Antique Armour Emporium.
 31741 | Snake:3  | Noticed kuniqs's ghost (adept MeGl)
 31765 | Snake:3  | Found a runed translucent gate.
 31765 | Snake:3  | Found a runed translucent gate.
 31778 | Snake:3  | Reached skill level 14 in Fighting
 32037 | Snake:3  | Found a runed translucent gate.
 33221 | Snake:4  | Entered Level 4 of the Snake Pit
 33310 | Snake:4  | Found a frozen archway.
 33325 | IceCv    | Entered an ice cave
 33404 | IceCv    | Gained mutation: You regenerate a lot of health from kills.
                  | [demonic ancestry]
 33404 | IceCv    | Reached XP level 18. HP: 157/157 MP: 19/19
 34664 | Snake:4  | Got a serpentine rune of Zot
 35005 | Snake:4  | Found Suagon's Armour Shop.
 35014 | Snake:4  | Bought the +2 cloak of the Loving Gods {Str+3 Stlth+} for
                  | 550 gold pieces
 35242 | Vaults:1 | Entered Level 1 of the Vaults
 35923 | Vaults:1 | Reached skill level 15 in Fighting
 36887 | Vaults:1 | Reached skill level 15 in Shields
 37324 | Vaults:1 | Identified the +0 whip "Pyhetze" {vamp, Fly rCorr}
 37420 | Vaults:1 | Reached XP level 19. HP: 165/165 MP: 20/20
 38166 | Vaults:2 | Got Sif Muna's Atlas of the Evolving Scorpion
 38719 | Vaults:2 | Found a staircase to the Crypt.
 39509 | Vaults:3 | Identified the +0 quarterstaff of the Crypt {flame, Contam
                  | Fly rElec rPois}
 39694 | Vaults:3 | Reached skill level 16 in Fighting
 39819 | Abyss:2  | Cast into level 2 of the Abyss (a wizard)
 39844 | Abyss:2  | Found a corrupted altar of Lugonu.
 40023 | Abyss:2  | Noticed a bone dragon
 40039 | Abyss:2  | Killed a bone dragon
 40050 | Vaults:3 | Escaped the Abyss
 41083 | Vaults:4 | Found a crumbling gateway.
 41090 | Desolati | Entered the Desolation of Salt
 41098 | Desolati | Gained mutation: You are powered by pain. [demonic
                  | ancestry]
 41098 | Desolati | Reached XP level 20. HP: 177/177 MP: 21/21
 41462 | Desolati | Identified the ring "Esmukuid" {MP+9 Int+2}
 41638 | Desolati | Identified the +6 morningstar of the Final Chapter
                  | {protect, rPois rF+ Will-}
 41870 | Desolati | Identified the ring "Yvyeleamn" {rF- rN+ MP+9 Str+4}
 41908 | Desolati | Got the Textbook on Luminous Calefaction
 42642 | Vaults:4 | Identified the +6 war axe of the Hero {venom, rElec Str+2
                  | Dex+3}
 42874 | Vaults:4 | Reached skill level 17 in Fighting
 43588 | Elf:1    | Entered Level 1 of the Elven Halls
 43773 | Elf:1    | Reached skill level 15 in Armour
 44804 | Elf:2    | Paralysed by an air elemental for 1 turns
 44809 | Elf:2    | Reached skill level 15 in Evocations
 44901 | Elf:2    | Found Ymnol's Armour Shoppe.
 45018 | Elf:2    | Noticed Agnes
 45019 | Elf:2    | Found Tuhu's Weapon Emporium.
 45025 | Elf:2    | Killed Agnes
 45077 | Elf:2    | Paralysed by an air elemental for 1 turns
 45085 | Elf:2    | Gained mutation: Your presence sometimes corrodes or
                  | deforms those you injure. [demonic ancestry]
 45085 | Elf:2    | Reached XP level 21. HP: 187/187 MP: 22/22
 45089 | Elf:2    | Paralysed by an air elemental for 1 turns
 45179 | Elf:2    | Found Guceh's Jewellery Boutique.
 45180 | Elf:2    | Noticed Azrael
 45204 | Elf:2    | Killed Azrael
 45350 | Elf:2    | Found a runed translucent gate.
 45351 | Elf:2    | Found a runed translucent gate.
 45351 | Elf:2    | Found a runed translucent gate.
 45367 | Elf:2    | Bought the -2 hat of the Alchemist {rElec rPois rF+ rC+ rN+
                  | Will+ rMut rCorr} for 1840 gold pieces
 45367 | Elf:2    | Found the -2 hat of the Alchemist {rElec rPois rF+ rC+ rN+
                  | Will+ rMut rCorr}
 45936 | Elf:3    | Entered Level 3 of the Elven Halls
 45945 | Elf:3    | Found Cones's Distillery.
 45947 | Elf:3    | Found Umekhlo's Armour Emporium.
 45947 | Elf:3    | Found Jatiere's Antique Weapon Shoppe.
 45952 | Elf:3    | Found Ryronuk's Antique Weapon Emporium.
 46082 | Elf:3    | Paralysed by an air elemental for 1 turns
 46089 | Elf:3    | Paralysed by an air elemental for 1 turns
 46095 | Elf:3    | Paralysed by an air elemental for 1 turns
 46650 | Elf:3    | Reached skill level 18 in Fighting
 46801 | Elf:3    | Identified the +1 plate armour of Jiro {rElec Int+5}
 46918 | Elf:3    | Identified the +4 plate armour "Bipn" {+Inv rPois}
 46934 | Elf:3    | Identified the +5 ring mail "Axuipat" {rN+ Will+ Dex+2}
 46950 | Elf:3    | Identified the +11 dagger of the Rat {pain, Str+4 SInv}
 47080 | Elf:3    | Identified the +12 shortbow of Reapportionment {antimagic,
                  | Int+3}
 47082 | Elf:3    | Got the Elucidation of Stolen Souls and Bombardment
 47123 | Elf:3    | Identified the amulet of the Sun {Faith Harm rF- rC+ Slay+2
                  | Stlth-}
 47578 | Depths:1 | Entered Level 1 of the Depths
 47844 | Depths:1 | Found Lostriudoe's Book Boutique.
 47847 | Depths:1 | Found Xoif's Antique Armour Shop.
 47849 | Depths:1 | Found Feodeeti's Weapon Boutique.
 47873 | Depths:1 | Found a corrupted altar of Lugonu.
 47873 | Depths:1 | Found a one-way gate to the infinite horrors of the Abyss.
 47918 | Depths:1 | Found a gateway to Hell.
 48306 | Depths:1 | Found the +3 crown of Dyrovepreva {rElec Int+2 SInv}
 48315 | Depths:1 | Reached XP level 22. HP: 188/197 MP: 23/23
 48576 | Depths:1 | Found Wocewn's Tremendous Tomes.
 49026 | Depths:2 | Found a one-way gate leading to the halls of Pandemonium.
 49614 | Depths:3 | Found a sacrificial altar of Ru.
 49636 | Depths:3 | Found a one-way gateway to a ziggurat.
 49864 | Depths:3 | Noticed a caustic shrike
 49869 | Depths:3 | Noticed a juggernaut
 49878 | Depths:3 | Noticed a golden dragon
 49896 | Depths:3 | Killed a caustic shrike
 49918 | Depths:3 | Noticed a golden dragon
 49924 | Depths:3 | Killed a golden dragon
 49966 | Depths:3 | Reached skill level 19 in Fighting
 49999 | Depths:3 | Killed a golden dragon
 50037 | Depths:3 | Killed a juggernaut
 50251 | Depths:3 | Identified the +0 plate armour of Refuge {Will+ Dex+2}
 50276 | Depths:3 | Paralysed by something for 5 turns
 50359 | Depths:3 | Paralysed by something for 5 turns
 50483 | Depths:3 | Found Uxtuadiw's Jewellery Shoppe.
 51156 | Depths:4 | Entered Level 4 of the Depths
 51168 | Depths:4 | Noticed a juggernaut
 51196 | Depths:4 | Killed a juggernaut
 51264 | Depths:4 | Found Socyol's Antique Armour Shop.
 51388 | Depths:4 | Reached XP level 23. HP: 191/207 MP: 24/24
 52268 | Depths:4 | Found a gate to the Realm of Zot.
 52644 | Vaults:5 | Entered Level 5 of the Vaults
 52694 | Vaults:5 | Noticed a dread lich
 52709 | Vaults:5 | Killed a dread lich
 53033 | Vaults:5 | Reached skill level 20 in Fighting
 53042 | Vaults:5 | Noticed a dread lich
 53053 | Vaults:5 | Noticed Sojobo
 53065 | Vaults:5 | Killed a dread lich
 53075 | Vaults:5 | Killed Sojobo
 53337 | Vaults:5 | Identified the +0 chain mail of Misanthropy {Will- Int+4
                  | Dex+3}
 53442 | Vaults:5 | Noticed an ancient lich
 53451 | Vaults:5 | Killed an ancient lich
 53816 | Vaults:5 | Identified the +0 tower shield of Gluttony {rF+ MP+9}
 53816 | Vaults:5 | Noticed Mennas
 53864 | Vaults:5 | Killed Mennas
 54162 | Vaults:5 | Noticed an ancient lich
 54164 | Vaults:5 | Identified the +7 dagger of the Grinning Wolf {antimagic,
                  | rPois rC- Dex+3}
 54164 | Vaults:5 | Identified the +7 great sword of Starshine {drain, Int+4}
 54179 | Vaults:5 | Killed an ancient lich
 54344 | Vaults:5 | Reached XP level 24. HP: 203/217 MP: 24/24
 54614 | Vaults:5 | Noticed a dread lich
 54622 | Vaults:5 | Killed a dread lich
 54657 | Vaults:5 | Identified the ring of Wigemett {Fire Will+ Dex+3 Slay+2}
 54668 | Vaults:5 | Identified the ring of Ignis's Righteous Fury {rC+ rCorr
                  | MP+9 Stlth-}
 54675 | Vaults:5 | Identified the +8 shortbow of the Moth {drain, rPois rF-
                  | Str+4}
 54765 | Vaults:5 | Got a silver rune of Zot
 54812 | Vaults:5 | Identified the +1 leather armour "Bubbeogg" {rPois}
 54992 | Crypt:1  | Entered Level 1 of the Crypt
 55881 | Crypt:1  | Reached skill level 21 in Fighting
 55955 | Crypt:1  | Found a basalt altar of Yredelemnul.
 56052 | Crypt:1  | Identified the +1 robe of the Fife {Str+3}
 57172 | Crypt:2  | Found a basalt altar of Yredelemnul.
 57283 | Crypt:3  | Entered Level 3 of the Crypt
 57300 | Crypt:3  | Paralysed by something for 4 turns
 57576 | Crypt:3  | Found a staircase to the Tomb.
 57837 | Crypt:2  | Found an ancient bone altar of Kikubaaqudgha.
 58154 | Crypt:3  | Found a basalt altar of Yredelemnul.
 58196 | Crypt:3  | Noticed Bai Suzhen
 58198 | Crypt:3  | Noticed an ancient lich
 58219 | Crypt:3  | Killed an ancient lich
 58250 | Crypt:3  | Killed Bai Suzhen
 58348 | Crypt:3  | Identified the +8 dagger of Qalyafil {heavy, Will+ Int+3
                  | Dex+5}
 58624 | Crypt:3  | Reached XP level 25. HP: 225/226 MP: 24/24
 59410 | Zot:1    | Entered Level 1 of the Realm of Zot
 59457 | Zot:1    | Found a transporter.
 59463 | Zot:1    | Found a transporter.
 59698 | Zot:1    | HP: 10/231 [something (16)]
 60346 | Zot:1    | Found a transporter.
 60349 | Zot:1    | Found a transporter.
 60720 | Zot:1    | Found a transporter.
 60726 | Zot:1    | Found a transporter.
 60887 | Zot:1    | Reached skill level 22 in Fighting
 60943 | Zot:2    | Found the +4 dragonskin cloak
 60943 | Zot:2    | Noticed Tiamat
 60984 | Zot:2    | Killed Tiamat
 63092 | Zot:3    | Found a transporter.
 63165 | Zot:3    | Gained mutation: You can speak a Word of Chaos. [demonic
                  | ancestry]
 63165 | Zot:3    | Reached XP level 26. HP: 220/241 MP: 19/24
 63711 | Zot:3    | Found a transporter.
 63737 | Zot:3    | Found a transporter.
 63737 | Zot:3    | Found a transporter.
 64442 | Zot:4    | Found a runed translucent gate.
 64442 | Zot:4    | Found a runed translucent gate.
 64442 | Zot:4    | Found an ancient bone altar of Kikubaaqudgha.
 64442 | Zot:4    | Found a runed translucent gate.
 64442 | Zot:4    | Noticed a dread lich
 64442 | Zot:4    | Noticed Donuwkat's ghost (veteran DsBe)
 64442 | Zot:4    | Noticed a dread lich
 64442 | Zot:4    | Noticed Adaxemni's ghost (legendary GrFi)
 64443 | Zot:4    | Noticed a dread lich
 64779 | Zot:4    | Paralysed by a dread lich for 4 turns
 65147 | Zot:4    | Killed Donuwkat's ghost
 65148 | Zot:4    | Reached skill level 23 in Fighting
 65251 | Zot:4    | Killed a dread lich
 65266 | Zot:4    | Paralysed by a dread lich for 4 turns
 65275 | Zot:4    | Killed a dread lich
 65607 | Zot:4    | Paralysed by a dread lich for 5 turns
 65621 | Zot:4    | Killed a dread lich
 65700 | Zot:4    | Killed Adaxemni's ghost
 65786 | Zot:4    | Identified the ring "Unix" {Drain rF+ rN+ rCorr Slay+4}
 65795 | Zot:4    | Identified the +1 cloak of Vauvvy {rN+}
 65801 | Zot:4    | Got Kikubaaqudgha's Textbook on the Crypt
 65821 | Zot:4    | Identified the +1 scale mail of Mirth {Will+}
 65841 | Zot:5    | Entered Level 5 of the Realm of Zot
 66470 | Zig:1    | Entered Level 1 of a ziggurat
 66482 | Zig:1    | Identified the +0 plate armour "Xapuomust" {-Tele rN+
                  | Regen+ Dex+4}
 66489 | Zig:2    | Entered Level 2 of a ziggurat
 66489 | Zig:2    | Noticed a dread lich
 66491 | Zig:2    | Paralysed by a dread lich for 3 turns
 66501 | Zig:2    | Paralysed by a dread lich for 3 turns
 66509 | Zig:2    | Killed a dread lich
 66520 | Zig:3    | Entered Level 3 of a ziggurat
 66576 | Zig:3    | Identified the ring "Yczarcho" {rF++ Will+ MP+9 Int-2 SInv}
 66629 | Zig:4    | Entered Level 4 of a ziggurat
 66638 | Zig:4    | Paralysed by a wendigo for 1 turns
 66646 | Zig:4    | Paralysed by a wendigo for 1 turns
 66745 | Zig:5    | Entered Level 5 of a ziggurat
 66764 | Zig:5    | Identified the +4 ring mail of Impressiveness {Regen+
                  | Int+2}
 66840 | Zig:5    | Identified the +1 ring mail "Qotih" {rF+ Stlth+}
 66846 | Zig:5    | Identified the +1 robe "Duogrugi" {rPois}
 66897 | Zig:6    | Entered Level 6 of a ziggurat
 67139 | Zig:7    | Entered Level 7 of a ziggurat
 67473 | Zig:7    | Reached XP level 27. HP: 252/252 MP: 24/24
 67487 | Zig:7    | Identified the +3 dagger of Kismet {freeze, Fragile rElec
                  | Str+4 Int+2}
 67493 | Zig:8    | Entered Level 8 of a ziggurat
 67566 | Zig:8    | Identified the ring "Poufass" {rPois Str+3 Dex+3}
 67593 | Zig:9    | Entered Level 9 of a ziggurat
 67857 | Zig:9    | Identified the +1 leather armour "Quggufifib" {rN+ Slay+3}
 67864 | Zig:9    | Identified the +7 great mace of Dishonesty {protect, Str+5
                  | Dex+2}
 67870 | Zig:9    | Identified the +2 spear "Qoyduep" {flame, rC+}
 67923 | Zig:10   | Entered Level 10 of a ziggurat
 67930 | Zig:10   | Noticed Icluen the pandemonium lord
 67930 | Zig:10   | Noticed Uxieded the pandemonium lord
 67966 | Zig:10   | Killed Uxieded the pandemonium lord
 67981 | Zig:10   | Killed Icluen the pandemonium lord
 68062 | Zig:10   | Identified the +0 cloak of Hepun {*Corrode rPois rC+ Str+3}
 68070 | Zig:10   | Identified the +4 great mace of Ashenzari, Teaching {heavy,
                  | Will+ Int+3 SInv}
 68087 | Depths:3 | Bought the ring "Enuluf" {+Blink rN+ EV+5 Slay+3} for 1269
                  | gold pieces
 68100 | Depths:3 | Bought a pair of runed boots for 202 gold pieces
 68152 | Hell     | Entered the Vestibule of Hell
 68152 | Hell     | Noticed Geryon
 68352 | Hell     | Found a gateway to the freezing wastes of Cocytus.
 68368 | Hell     | Killed Geryon
 68510 | Hell     | Found a gateway to the decaying netherworld of Tartarus.
 68538 | Hell     | Reached skill level 24 in Fighting
 68621 | Hell     | Found a gateway to the Iron City of Dis.
 68973 | Hell     | Found a gateway to the ashen valley of Gehenna.
 69581 | Orc:1    | Bought an amulet of regeneration for 450 gold pieces
 69880 | Pan      | Entered Pandemonium
 70928 | Pan      | Identified the +4 halberd of Pestilence {heavy, MP+9}
 70939 | Pan      | Found an exit through the horrors of the Abyss.
 71005 | Pan      | Reached skill level 1 in Dodging
 71032 | Pan      | Noticed Miaruad the pandemonium lord
 71058 | Pan      | Killed Miaruad the pandemonium lord
 71991 | Pan      | Identified the +0 cloak of Maqiq {Slay+3}
 72087 | Pan      | Noticed Cuont the pandemonium lord
 72157 | Pan      | Gained mutation: You are frail. (-10% HP) [a cacodemon]
 72246 | Pan      | Killed Cuont the pandemonium lord
 72531 | Pan      | Got a demonic rune of Zot
 72735 | Pan      | Gained mutation: You occasionally lose the ability to read
                  | scrolls when taking damage. [a neqoxec]
 72955 | Pan      | Lost mutation: You occasionally lose the ability to read
                  | scrolls when taking damage. [potion of mutation]
 72955 | Pan      | Lost mutation: You are frail. (-10% HP) [potion of
                  | mutation]
 72955 | Pan      | Gained mutation: You are weak. (Str -2) [potion of
                  | mutation]
 72955 | Pan      | Lost mutation: You are weak. (Str -2) [potion of mutation]
 73188 | Pan      | Noticed Gerghil the pandemonium lord
 73211 | Pan      | Paralysed by you for 3 turns
 73217 | Pan      | Killed Gerghil the pandemonium lord
 73320 | Pan      | Identified the +2 rapier of the Vanishing Xenops {heavy,
                  | rElec Int+2 Dex-3}
 73395 | Pan      | Reached skill level 5 in Dodging
 74223 | Pan      | Found a runed translucent door.
 74226 | Pan      | Found a runed translucent door.
 74228 | Pan      | Found a runed translucent door.
 74231 | Pan      | Found a runed translucent door.
 74236 | Pan      | Noticed Fomiveol the pandemonium lord
 74428 | Pan      | Killed Fomiveol the pandemonium lord
 74450 | Pan      | Got the Tractate on Enchantment
 74474 | Pan      | Entered the realm of Cerebov.
 74613 | Pan      | Found the +6 sword of Cerebov {flame}
 74613 | Pan      | Noticed Cerebov
 74642 | Pan      | HP: 7/256 [orange demon (6)]
 74643 | Pan      | Killed from afar by a hellion

Illustrated notes

Levels and vault maps discovered:
D:1:      dpeg_arrival_water_temple_mockup, layout_basic,
          shapermc_ecumenical_altar_mp_highgroup
D:2:      kennysheep_big_flooded_room, layout_basic
D:3:      layout_rooms, grunt_ministairs_5, uniq_jessica, uniq_sigmund
D:4:      layout_gridville, serial_shops, nicolae_shop_stone,
          portal_sewer_entry_d, corexii_shack
D:5:      layout_gridville, kennysheep_generic_room_10
D:6:      layout_rooms, trog_three_pillars_becter, nicolae_vehumet_radiance,
          minmay_temple_entry_purple_smoke, kennysheep_small_spiral,
          uniq_eustachio
D:7:      layout_loops_ring, mainiacjoe_overflow_tiny_flanked, serial_shops,
          nicolae_shop_stone, enter_ossuary_4
D:8:      layout_basic, nicolae_overflow_crystal_walls,
          nicolae_overflows_in_rows, uniq_erica
D:9:      layout_basic, nicolae_wu_jian_immortal_techniques, serial_ice,
          serial_ice_m, serial_ice_a, serial_ice_o, serial_ice_f, serial_ice_k,
          serial_ice_n
D:10:     layout_grid_maze, chequers_decorated_corner, eino_jars
D:11:     layout_irregular_city, due_lair_maze_entry_diamond, orc_david_3,
          serial_demonic, serial_demonic_e, serial_demonic_f, serial_demonic_c,
          serial_demonic_c, serial_demonic_f, serial_demonic_c
D:12:     layout_loops_cross, uniq_sonja, uniq_urug
D:13:     layout_long_grid
D:14:     layout_grid_maze, erik_vaults_2, small_statue_intersection
D:15:     grunt_enter_depths_hoard, layout_irregular_city, minivault_24,
          tso_metal_star
Lair:1:   layout_long_grid, hibernation_bobbens
Lair:2:   layout_misc_corridors, nicolae_shoals_entry_flooding,
          dummy_snake_entry, special_room, small_statue_intersection,
          serial_bayou_shore_a
Lair:3:   layout_chaotic_city, serial_bayou_lagoon_b
Lair:4:   layout_cave_shapes, nicolae_slime_entry_field_trip,
          nicolae_quartered_pool_impasse, minmay_shattered_shrine,
          infiniplex_staircase_pool, grunt_megastairs_4, uniq_josephine
Lair:5:   evilmike_catoblepas_cave, layout_misc_corridors, columned_hall_lemuel,
          pdpol_lair_cavern_descent
Shoals:1: layout_shoals, lightli_airlock
Shoals:2: gammafunk_sealed_arena, layout_shoals, serial_shops,
          nicolae_lakefront_shop, uniq_polyphemus
Shoals:3: layout_shoals, gammafunk_ghost_berserking_beasts
Shoals:4: shoals_end_grunt_garden, layout_shoals
Snake:1:  layout_layer_cave
Snake:2:  layout_misc_corridors, nicolae_shop_unique_rings,
          nicolae_snake_mages_go_home
Snake:3:  cheibrodos_snake_lava_hold, layout_cave_town, gammafunk_ghost_split,
          grunt_ministairs_1, minmay_shop_grid_forest, serial_bayou_lagoon_a,
          hangedman_snake_corridor_cut, lemuel_fruit_tree
Snake:4:  snake_pit_salamanders_mu, layout_cave_shapes, serial_shops, shop,
          portal_ice_cave_entry_ice_statue_one
Orc:1:    layout_diamond_mine, serial_shops, nicolae_diamond_shop, shop,
          nicolae_shop_hallway_plus, nicolae_lakefront_shop,
          hellmonk_bongcloud_opening, uniq_erolcha
Orc:2:    grunt_orc_gardens, layout_diamond_mine, grunt_orc_garden,
          grunt_orc_garden, grunt_orc_garden, grunt_orc_garden,
          nicolae_orc_tapped_out
Elf:1:    elf_arrival_001, layout_geoelf_diagonals, minivault_28
Elf:2:    nicolae_elf_blades_crystal_corner, layout_geoelf_grid, serial_shops,
          nicolae_shop_advertising_works [nicolae_subvault_shop_adworks], shop,
          nicolae_shop_waterfront, uniq_azrael, uniq_agnes
Elf:3:    grunt_elf_hall_asides, layout_gridlike, hangedman_decor_cross_pass,
          minmay_shoptagon
Vaults:1: nicolae_vaults_asterisk, grunt_vaults_twisty, hangedman_vaults_maws,
          ontoclasm_vaults_ligature, ontoclasm_vaults_spin, v_pattern_3,
          vaults_mumra_lcd, nicolae_vaults_yaktaur_gun_rack, st_cells,
          vaults_dpeg_cross, layout_vaults_quadrants
Vaults:2: blue_anna_dwarven_crypt, vaults_dpeg_hooks, v_misc_30,
          nicolae_vaults_alarming, nicolae_vaults_asterisk,
          nicolae_vaults_mini_display_case, nicolae_vaults_little_squares_2,
          grunt_vaults_focal, v_misc_17, st_check, layout_vaults_big_room
Vaults:3: dpeg_vaults_monster_box, grunt_vaults_funnel, nicolae_vaults_theta,
          v_alt_pattern_4, v_rooms_1, nicolae_vaults_network_periphery,
          nicolae_vaults_border_crossing, hangedman_vaults_snaps, v_misc_24,
          ontoclasm_vaults_shuriken, grunt_vaults_hallway_long,
          layout_vaults_omnibox
Vaults:4: portal_desolation_entry_ruin, nicolae_vaults_network_square,
          vaults_room_fours, st_hourglassy, vaults_room_large_hall,
          hangedman_vaults_stagger, vaults_mumra_hexcomb, vaults_dpeg_diagonal,
          v_pattern_4, vaults_room_fours, v_misc_23, ontoclasm_vaults_twist,
          layout_vaults_ring
Vaults:5: serial_shops, uniq_mennas, uniq_sojobo
Crypt:1:  layout_regular_city, basic_altar
Crypt:2:  layout_gridlike, hangedman_blasphemy, lemuel_upstairs_altar
Crypt:3:  church_of_pain_bobbens, layout_chaotic_city, uniq_bai_suzhen
Depths:1: layout_cross, grunt_mini_vestibule, abyss_entry_flame_altar,
          nicolae_shop_i_like_big_books, minmay_guarded_unrand_dyrovepreva,
          minmay_shop_star
Depths:2: kennysheep_cluttered_fort, layout_basic, abyss_entry,
          pf_dread_powers_of_hell, pan_entry, minmay_staircase_bubble
Depths:3: minmay_the_grid_square_5x5_4x4 [minmay_the_grid_square_5x5_fat_x,
          minmay_the_grid_square_5x5_three_walls, minmay_the_grid_square_5x5_c,
          minmay_the_grid_square_5x5_minibox, minmay_the_grid_square_5x5_slash,
          minmay_the_grid_square_5x5_prize_snowflake,
          minmay_the_grid_square_5x5_prize_deathbox,
          minmay_the_grid_square_5x5_hourglass, minmay_the_grid_square_5x5_plus,
          minmay_the_grid_square_5x5_prize_pseudospiral,
          minmay_the_grid_square_5x5_prize_itemx,
          minmay_the_grid_square_5x5_beaten_path,
          minmay_the_grid_square_5x5_meh, minmay_the_grid_square_5x5_shrine1,
          minmay_the_grid_square_5x5_almost_minimal,
          minmay_the_grid_square_5x5_inverted_slash], layout_gridlike,
          enter_ziggurat_a, pf_hell_entry_tar_river,
          kennysheep_decorative_pillar, abyss_entry, serial_shops, shop_coins,
          drop_trap, nicolae_ru_sacrificial_ziggurat
Depths:4: evilmike_zot_entry_hall, layout_basic, hell_entry, serial_shops,
          nicolae_diamond_shop, nrook_pool_corridor, nicolae_water_bricks,
          minmay_strange_pillars
Hell
Zot:1:    layout_twisted_circle, serial_nicolae_subway,
          nicolae_sub_station_stone, nicolae_sub_station_crystal,
          nicolae_sub_station_metal, uniq_parghit
Zot:2:    layout_basic, grunt_megastairs_2, uniq_tiamat
Zot:3:    kennysheep_six_static_rooms, layout_misc_corridors,
          grunt_ministairs_15, nicolae_diode_intersection
Zot:4:    layout_gridlike, gammafunk_ghost_crypt, st_small_dragon_hoard_2
Zot:5:    layout_basic
Pan:      rand_demon_5, layout_irregular_city, pan_blood_fountain,
          pan_blood_fountain_2, evilmike_mini_pan_possible_glass,
          layout_gridlike, reaverb_pan_squares,
          evilmike_mini_pan_possible_glass, layout_small_grid,
          evilmike_mini_pan_doors, layout_rooms, rand_demon_7,
          layout_pan_divisions_a [pan_division_quadrant_a2,
          pan_division_quadrant_a2, pan_division_quadrant_a6,
          pan_division_quadrant_a6, pan_division_octagon_box], cerebov_grunt,
          layout_rooms, pan_blood_fountain

Skill      XL: |  1  2  3  4  5  6  7  8  9 10 11 12 13 14 15 16 17 18 19 20 21 22 23 24 25 26 27 |
---------------+----------------------------------------------------------------------------------+-----
Fighting       | 1 5 7 9 10 12 13 14 15 16 17 18 19 20 21 22 23 24 | 24.8
Unarmed Combat | 1 2 4 5 6 7 8 10 11 12 13 14 15 16 17 18 | 18.0
Armour         | 3 5 7 9 10 11 12 13 14 15 16 17 18 19 20 21 22 | 22.5
Shields        | 4 6 8 10 11 12 13 14 15 16 17 18 19 20 21 22 23 | 23.5
Long Blades    | 4 6 |  6.9
Evocations     | 5 8 9 11 12 13 15 16 17 18 19 21 22 23 | 23.5
Dodging        | 6 |  6.0
Short Blades   | |  1.0
Stealth        | |  2.6
Spellcasting   | |  1.0
Air Magic      | |  4.5

Action                     |  1- 3 |  4- 6 |  7- 9 | 10-12 | 13-15 | 16-18 | 19-21 | 22-24 | 25-27 || total
---------------------------+-------+-------+-------+-------+-------+-------+-------+-------+-------++-------
  Melee: Short sword       |    64 |       |       |       |       |       |       |       |       ||    64
         Unarmed           |    63 |   158 |   349 |   875 |  1499 |  1495 |  1965 |  2159 |  2881 || 11444
         Punch             |     1 |     4 |    24 |    61 |    18 |       |       |       |       ||   108
         Scimitar          |       |       |       |       |    22 |       |       |       |       ||    22
  Throw: Dart              |       |       |     3 |     1 |     4 |       |       |     1 |       ||     9
         Throwing net      |       |       |     1 |       |       |       |       |       |       ||     1
 Invoke: Call Merchant     |       |       |       |       |       |     4 |     3 |       |     6 ||    13
  Evoke: Wand              |       |       |     3 |     7 |    13 |    14 |     2 |     1 |    13 ||    53
         Tin of tremorston |       |       |       |     2 |     5 |     5 |     1 |     2 |     4 ||    19
         Condenser vane    |       |       |       |       |     4 |     5 |     2 |     8 |    15 ||    34
         Phial of floods   |       |       |       |       |     1 |       |     2 |       |       ||     3
         Box of beasts     |       |       |       |       |       |       |       |       |     7 ||     7
    Use: Scroll            |     3 |     3 |    11 |     9 |    14 |    10 |     4 |     4 |    14 ||    72
         Potion            |       |       |       |       |       |     9 |     3 |     3 |     8 ||    23
   Stab: Sleeping          |     6 |     2 |       |       |       |       |       |       |       ||     8
         Distracted        |       |       |     2 |     3 |     7 |    12 |    11 |     7 |    13 ||    55
         Petrified         |       |       |       |    11 |    13 |       |       |       |       ||    24
         Invisible         |       |       |       |       |       |       |       |     1 |     4 ||     5
 Armour: Robe              |     8 |       |       |       |       |       |       |       |       ||     8
         Ring mail         |    36 |   106 |    15 |       |       |       |       |       |       ||   157
         Plate armour      |       |       |   200 |   719 |   880 |       |       |       |       ||  1799
         Gold dragon scale |       |       |       |       |       |   770 |   764 |  1004 |  1668 ||  4206
         Skin              |       |       |       |       |       |       |       |       |     1 ||     1
  Dodge: Dodged            |    65 |    91 |    94 |   231 |   351 |   293 |   331 |   446 |   786 ||  2688
  Block: Other             |       |       |       |    92 |    37 |       |       |       |       ||   129
         Reflection        |       |       |       |     3 |    42 |   155 |   133 |    35 |    22 ||   390
         Kite shield       |       |       |       |       |  1198 |  1509 |  1652 |  1957 |  3044 ||  9360

Table legend: (Time is in decaauts)
 A = Elapsed time spent in this place.
 B = Non-inter-level travel time spent in this place.
 C = Inter-level travel time spent in this place.
 D = Time resting spent in this place.
 E = Time spent auto-exploring this place.
 F = Levels seen in this place.
 G = Mean time per level.
                   A        B        C        D        E       F      G
               +--------+--------+--------+--------+--------+-----+--------+
         Total |  72053 |  67450 |   4603 |  10273 |  40035 |  72 | 1000.7 |
       Dungeon |  16092 |  14364 |   1728 |   2523 |   8812 |  15 | 1072.8 |
          Lair |   6255 |   5694 |    561 |    804 |   3714 |   5 | 1251.0 |
        Shoals |   4874 |   4664 |    210 |    804 |   2449 |   4 | 1218.5 |
     Snake Pit |   5648 |   5389 |    259 |    379 |   3844 |   4 | 1412.0 |
  Orcish Mines |   2168 |   1980 |    188 |    514 |    933 |   2 | 1084.0 |
   Elven Halls |   3625 |   3467 |    158 |    306 |   2151 |   3 | 1208.3 |
        Vaults |   8491 |   7944 |    547 |    599 |   5460 |   5 | 1698.2 |
         Crypt |   3917 |   3702 |    215 |    292 |   2330 |   3 | 1305.7 |
        Depths |   4996 |   4485 |    511 |    377 |   2869 |   4 | 1249.0 |
          Hell |   1082 |   1059 |     23 |    156 |    474 |   1 | 1082.0 |
           Zot |   6680 |   6482 |    198 |   1990 |   3059 |   5 | 1336.0 |
         Abyss |    211 |    211 |      0 |      0 |     86 |   1 |  211.0 |
   Pandemonium |   4439 |   4439 |      0 |    317 |   2830 |   6 |  739.8 |
      Ziggurat |   1531 |   1531 |      0 |    769 |    221 |  10 |  153.1 |
         Sewer |    272 |    272 |      0 |      0 |    154 |   1 |  272.0 |
       Ossuary |    207 |    207 |      0 |      0 |    110 |   1 |  207.0 |
      Ice Cave |    579 |    579 |      0 |    297 |     35 |   1 |  579.0 |
    Desolation |    979 |    979 |      0 |    145 |    503 |   1 |  979.0 |
               +--------+--------+--------+--------+--------+-----+--------+

Top non-repeatable levels by time:
Vaults:5: 2136 daAuts
   Zot:2: 1991 daAuts
    D:11: 1888 daAuts
Vaults:1: 1854 daAuts
 Snake:3: 1847 daAuts
  Lair:5: 1771 daAuts
Vaults:3: 1711 daAuts
   Zot:4: 1705 daAuts
Depths:3: 1643 daAuts
 Crypt:3: 1607 daAuts
Shoals:3: 1558 daAuts
  Lair:4: 1490 daAuts
Vaults:2: 1487 daAuts
    D:14: 1484 daAuts
   Zot:1: 1458 daAuts
